 Dungeon Crawl Stone Soup version 0.17.0-28-g6e173f8 (webtiles) character file.

425 Ijustatesigmund the Magician (level 6, -5/32 HPs)
             Began as a Deep Elf Wizard on Dec 2, 2015.
             Slain by Crazy Yiuf
             ... wielding a +4 quarterstaff of chaos
              (14 damage)
             ... while paralysed by Crazy Yiuf
             ... on level 2 of the Dungeon.
             The game lasted 00:16:27 (3718 turns).

Ijustatesigmund the Magician (Deep Elf Wizard)      Turns: 3718, Time: 00:16:27

Health: -5/32      AC:  7    Str:  4    XL:     6   Next: 64%
Magic:  3/17       EV:  2    Int: 25    God:
Gold:   195        SH:  0    Dex: 13    Spells: 6 memorised, 2 levels left

rFire  . . .     SeeInvis +     e - +1 short sword
rCold  . . .     Clarity  .     a - +0 robe
rNeg   . . .     SustAt   .     (no shield)
rPois  .         Gourm    .     b - +0 hat
rElec  .         Spirit   .     o - +2 cloak
rCorr  .         Warding  .     i - +1 pair of gloves
rMut   .         Stasis   .     (no boots)
MR     .....                    k - amulet of rage
Stlth  ++........               (no ring)
                                f - ring of see invisible

@: paralysed, very slightly contaminated, hasted, repel missiles, not resistant
to hostile enchantments, unstealthy
A: wild magic 1
a: Evoke Berserk Rage


You were on level 2 of the Dungeon.
You were not hungry.

You visited 1 branch of the dungeon, and saw 5 of its levels.
You also visited: Sewer.

You collected 195 gold pieces.

Inventory:

Hand Weapons
 e - a +1 short sword (weapon)
Armour
 a - a +0 robe (worn)
 b - a +0 hat (worn)
 i - a +1 pair of gloves (worn)
 o - a +2 cloak (worn)
Jewellery
 f - a ring of see invisible (left hand)
 k - an amulet of rage (around neck)
Wands
 h - a wand of teleportation (5)
Scrolls
 g - a scroll of teleportation
 r - 2 scrolls of recharging
 u - a scroll of remove curse
Potions
 j - 2 potions of berserk rage {unknown}
 m - a potion of might {unknown}
 q - a potion of agility {unknown}
 s - a potion of degeneration {unknown}
 t - a potion of haste {unknown}
Books
 c - a book of Minor Magic

   Spells                             Type                      Level
   a - Magic Dart                     Conjuration                  1
   b - Blink                          Translocation                2
   c - Call Imp                       Summoning                    2
   d - Repel Missiles                 Charms/Air                   2
   e - Slow                           Hexes                        2
   f - Conjure Flame                  Conjuration/Fire             3
   g - Mephitic Cloud                 Conjuration/Poison/Air       3
 p - the Reference Book on the Escort
   (You found it in a sewer)

   Spells                             Type                      Level
   a - Summon Small Mammal            Summoning                    1
   b - Summon Mana Viper              Hexes/Summoning              5
   c - Summon Hydra                   Summoning                    7
Comestibles
 d - 4 bread rations
 l - 2 meat rations
 n - 2 fruits


   Skills:
 - Level 2.4 Dodging
 + Level 3.8 Stealth
 - Level 6.8 Spellcasting
 - Level 4.1 Conjurations
 - Level 1.1 Summonings
 + Level 2.5 Translocations
 + Level 1.4 Air Magic
 + Level 2.0 Poison Magic


You had 2 spell levels left.
You knew the following spells:

 Your Spells              Type           Power        Failure   Level  Hunger
a - Magic Dart            Conj           ####         4%          1    None
b - Blink                 Tloc           N/A          11%         2    None
c - Repel Missiles        Chrm/Air       ###...       19%         2    None
d - Mephitic Cloud        Conj/Pois/Air  ####....     19%         3    None
e - Conjure Flame         Conj/Fire      ####....     22%         3    None
f - Summon Mana Viper     Hex/Summ       ###.....     99%         5    #####..


Dungeon Overview and Level Annotations

Branches:
Dungeon (5/15)
 Temple: D:4-7

Altars:
Makhleb
Nemelex Xobeh
Okawaru

Annotations:
D:2 Crazy Yiuf, Robin


Innate Abilities, Weirdness & Mutations

Your spells are a little harder to cast, but a little more powerful.


Message History

Aim: Crazy Yiuf, wielding a quarterstaff of chaos and wearing a cloak (moderately wounded)
The magic dart hits Crazy Yiuf.
Crazy Yiuf is moderately wounded.
Casting: Magic Dart
Confirm with . or Enter, or press ? or * to list all spells.
Aiming: Magic Dart
Press: ? - help, Shift-Dir - straight line, f/p - Crazy Yiuf
Aim: Crazy Yiuf, wielding a quarterstaff of chaos and wearing a cloak (moderately wounded)
The magic dart hits Crazy Yiuf.
Crazy Yiuf is heavily wounded.
Crazy Yiuf hits you but does no damage.
You suddenly lose the ability to move!
Crazy Yiuf hits you with a quarterstaff of chaos!
You feel yourself speed up.
Crazy Yiuf hits you with a quarterstaff of chaos.
Crazy Yiuf freezes you.
Crazy Yiuf hits you with a quarterstaff of chaos.
Crazy Yiuf freezes you.
* * * LOW HITPOINT WARNING * * *
Crazy Yiuf hits you with a quarterstaff of chaos!
You die...

####### ......#
.####.#
....#.#########
.##.#)#.......######
.##.#.#.#####...@..#
......#.........g..#
###.###.##.####....#
#.###.##.# #....#
#........# #..#.#
##.......# ##...#
#.......# ##.##
#.......# ##ยง#
#.......# #.##


You could see Crazy Yiuf.

Vanquished Creatures
  2 giant frogs
  An orc priest (D:4)
  Ijyb (D:2)
  2 worker ants (D:4)
  A river rat (D:4)
  4 gnolls (D:3)
  5 adders
  An ooze (D:1)
  An adder skeleton (D:4)
  A giant gecko (Sewer)
  11 orcs
  3 bats
  11 giant cockroaches
  11 goblins
  9 hobgoblins
  3 jackals (D:1)
  2 ball pythons
  11 giant newts
  5 kobolds
  A quokka (D:4)
  7 rats
93 creatures vanquished.

Notes
Turn   | Place    | Note
--------------------------------------------------------------
     0 | D:1      | Ijustatesigmund the Deep Elf Wizard began the quest for the Orb.
     0 | D:1      | Reached XP level 1. HP: 10/10 MP: 7/7
   207 | D:1      | Reached XP level 2. HP: 15/15 MP: 5/9
   211 | D:1      | Learned a level 2 spell: Blink
   214 | D:1      | Learned a level 2 spell: Repel Missiles
   271 | D:1      | Reached skill level 5 in Spellcasting
   578 | D:1      | Reached XP level 3. HP: 19/19 MP: 3/11
   583 | D:1      | Learned a level 3 spell: Mephitic Cloud
   714 | D:2      | Noticed Robin
   885 | D:2      | Gained mutation: Your spells are a little harder to cast, but a little more powerful. [potion of beneficial mutation]
   985 | D:2      | Noticed Ijyb
  1016 | D:2      | Killed Ijyb
  1149 | D:2      | Found a faded altar to an unknown god.
  1231 | D:2      | Reached XP level 4. HP: 24/24 MP: 8/13
  1244 | D:2      | Learned a level 3 spell: Conjure Flame
  1342 | D:3      | Reached skill level 6 in Spellcasting
  1462 | D:3      | Noticed a giant frog
  1595 | D:3      | Killed a giant frog
  1595 | D:3      | Reached XP level 5. HP: 12/28 MP: 8/16
  1933 | D:3      | Found an iron altar of Okawaru.
  2337 | D:4      | Found a sparkling altar of Nemelex Xobeh.
  2365 | D:4      | Found a glowing drain.
  2374 | Sewer    | Entered a sewer
  2594 | Sewer    | Reached XP level 6. HP: 32/32 MP: 10/17
  2757 | Sewer    | Reached skill level 1 in Air Magic
  2757 | Sewer    | Reached skill level 1 in Poison Magic
  2802 | Sewer    | Identified the Reference Book on the Escort
  2872 | Sewer    | Learned a level 5 spell: Summon Mana Viper
  3242 | D:4      | Noticed a phantom
  3262 | D:5      | Entered Level 5 of the Dungeon
  3293 | D:4      | Found a burning altar of Makhleb.
  3689 | D:2      | Noticed Crazy Yiuf
  3713 | D:2      | Paralysed by Crazy Yiuf for 7 turns
  3718 | D:2      | Slain by Crazy Yiuf

Action                   |  1- 3 |  4- 6 || total
-------------------------+-------+-------++-------
Melee: Short sword       |    27 |     5 ||    32
 Cast: Magic Dart        |    81 |   131 ||   212
       Repel Missiles    |     1 |       ||     1
       Mephitic Cloud    |     1 |     3 ||     4
       Blink             |       |     1 ||     1
Evoke: Wand              |       |     2 ||     2
  Use: Scroll            |     3 |     8 ||    11
       Potion            |     1 |       ||     1
 Stab: Confused          |     2 |       ||     2
  Eat: Chunk             |       |     5 ||     5
       Pizza             |       |     2 ||     2
       Fruit             |       |     1 ||     1
